 Dungeon Crawl Stone Soup version 0.21.1-1-g345015fe64 (webtiles) character file.

8218 Ingvold the Grappler (level 11, 0/104 HPs)
             Began as a Troll Monk on May 29, 2018.
             Was a Priest of Wu Jian.
             Killed by divine providence
             ... invoked by an orc priest
              (10 damage)
             ... on level 11 of the Dungeon.
             The game lasted 00:22:17 (6398 turns).

Ingvold the Grappler (Troll Monk)                   Turns: 6398, Time: 00:22:18

Health: 0/104      AC:  6    Str: 24    XL:     11   Next: 7%
Magic:  10/10      EV: 13    Int:  6    God:    Wu Jian [***...]
Gold:   504        SH:  0    Dex: 12    Spells: 10/10 levels left

rFire    . . .     SeeInvis .     - Unarmed
rCold    . . .     Gourm    +   (no shield)
rNeg     . . .     Faith    .   a - +0 robe
rPois    .         Spirit   .   m - +0 hat
rElec    .         Reflect  .   j - +0 cloak
rCorr    .         Harm     .   (gloves unavailable)
MR       .....                  (boots unavailable)
Stlth    ++........             (no amulet)
HPRegen  0.67/turn              E - ring of flight
MPRegen  0.12/turn              (no ring)

@: exhausted
A: large, unfitting armour, antennae 1, claws 3, fast metabolism 3, gourmand,
regeneration 1, shaggy fur 1, tough skin 2, subdued magic 1
a: Wall Jump, Serpent's Lash, Renounce Religion, Evoke Flight


You were on level 11 of the Dungeon.
You worshipped Wu Jian.
Wu Jian was most pleased with you.
You were very full.

You visited 2 branches of the dungeon, and saw 11 of its levels.

You collected 504 gold pieces.

Inventory:

Hand Weapons
 w - the +3 hand axe of Dadd {chop, Str+6}
   (You found it on level 6 of the Dungeon)

   It inflicts extra damage upon your enemies.
   It affects your strength (+6).
Armour
 a - a +0 robe (worn)
 j - a +0 cloak (worn)
 m - a +0 hat (worn)
Jewellery
 l - an uncursed ring of ice
 u - an uncursed ring of ice
 E - a ring of flight (left claw)
Wands
 y - a wand of clouds (12)
Scrolls
 c - 3 scrolls of remove curse
 f - a scroll of magic mapping {unknown}
 g - a scroll of enchant weapon
 h - a scroll of fog {unknown}
 i - 3 scrolls of identify
 k - 6 scrolls of teleportation
 o - a scroll of immolation {unknown}
 p - a scroll of holy word {unknown}
 t - a scroll of fear {unknown}
 C - a scroll of silence {unknown}
Potions
 d - 5 potions of curing
 e - 3 potions of flight
 n - 2 potions of agility
 q - 3 potions of ambrosia
 s - 3 potions of haste
 v - a potion of lignification
 x - a potion of brilliance
 z - a potion of heal wounds
 A - a potion of invisibility
Comestibles
 b - 26 rations
 B - 4 chunks of flesh


   Skills:
 + Level 5.2 Fighting
 + Level 7.4 Dodging
 - Level 1.0 Stealth
 + Level 13.7 Unarmed Combat


You had 10 spell levels left.
You didn't know any spells.

Dungeon Overview and Level Annotations

Branches:
Dungeon (9/15)             Temple (1/1) D:7            Lair (0/6) D:9
    Orc: D:9-12

Altars:
Ashenzari
Dithmenos
Gozag
Hepliaklqana
Kikubaaqudgha
Nemelex Xobeh
Okawaru
Qazlal
Uskayaw
Vehumet
Wu Jian
Xom
Yredelemnul
Zin
The Shining One

Shops:
D:6 [   D:7 :

Annotations:
D:11 Snorg


Innate Abilities, Weirdness & Mutations

You are too large for most types of armour.
You have claws for hands.
Your metabolism is lightning-fast.
You like to eat raw meat.
Your natural rate of healing is unusually fast.
You are covered in fur. (AC +1)
You have very tough skin. (AC +2)
You have a pair of small antennae on your head.
Your spells are a little easier to cast, but a little less powerful.


Message History

Snorg closely misses you.
Okay, then.
Snorg bites you!
* * * LOW HITPOINT WARNING * * *
Snorg claws you!
* * * LOW HITPOINT WARNING * * *
Snorg barely misses you.
Okay, then.
Firing (i - inventory): No suitable missiles.
Press: ? - help, Shift-Dir - straight line, f - Snorg
Aim: Snorg (berserk, fast, unusually strong)
Okay, then.
Blink to where?
Press: ? - help, Dir - move target cursor Oops!
There was something there already!
You blink.
As you read the scroll of blinking, it crumbles to dust.
The orc priest calls down the wrath of Beogh upon you.
Beogh smites you!
You die...

... #)#
######.##
#.......#
#.......#
#......o#
#...##'######
#...#.o.....#
#...#.....@.#
#...#.>.....#
#...#.......#
#...#.......#
######..T....#
#........#####
#.......ยง#
#.......>#
#........#


You could see Snorg (berserk) and an orc priest.

Vanquished Creatures
  4 two-headed ogres
  The ghost of McKennaii the Thaumaturge, a novice DEIE of Sif Muna (D:7)
  The ghost of matti1234 the Vexing, a novice FoAM (D:4)
  Sigmund (D:6)
  A human (D:7)
  4 hogs (D:7)
  A warg (D:9)
  A water moccasin (D:7)
  An eye of draining (D:8)
  3 ice beasts (D:8)
  A phantom (D:6)
  3 sky beasts
  4 black bears
  A necrophage (D:8)
  6 ogres
  3 centaurs
  Blork the orc (D:4)
  2 big kobolds (D:8)
  A crocodile (D:8)
  6 bullfrogs
  4 scorpions
  A howler monkey (D:4)
  2 crimson imps (D:7)
  A centaur zombie (D:8)
  3 jellies
  A quasit (D:6)
  Crazy Yiuf (D:2)
  4 orc priests
  A bullfrog skeleton (D:9)
  9 orc wizards
  Jessica (D:2)
  3 worker ants
  6 iguanas
  A hound skeleton (D:5)
  A howler monkey zombie (D:5)
  A gnoll (D:1)
  10 adders
  An ooze (D:5)
  An adder zombie (D:8)
  6 worms
  A dart slug (D:3)
  4 leopard geckos
  25 orcs
  7 bats
  4 giant cockroaches
  8 goblins
  3 hobgoblins
  18 jackals
  5 quokkas
  3 frilled lizards
  A jackal skeleton (D:4)
  17 kobolds
  A leopard gecko skeleton (D:4)
  2 quokka zombies (D:8)
  3 rats (D:2)
206 creatures vanquished.

Notes
Turn   | Place    | Note
-------+----------+-------------------------------------------
     0 | D:1      | Ingvold the Troll Monk began the quest for the Orb.
     0 | D:1      | Reached XP level 1. HP: 22/22 MP: 0/0
    63 | D:1      | Reached XP level 2. HP: 28/29 MP: 1/1
   745 | D:2      | Reached XP level 3. HP: 30/36 MP: 2/2
   939 | D:2      | Noticed Jessica
   944 | D:2      | Killed Jessica
   944 | D:2      | Reached skill level 4 in Unarmed Combat
   944 | D:2      | Reached XP level 4. HP: 45/45 MP: 3/3
  1386 | D:2      | Found a runed door.
  1390 | D:2      | Noticed Crazy Yiuf
  1395 | D:2      | Killed Crazy Yiuf
  1395 | D:2      | Reached XP level 5. HP: 45/53 MP: 4/4
  1746 | D:3      | Reached skill level 5 in Unarmed Combat
  1916 | D:3      | Noticed a centaur
  1925 | D:3      | Killed a centaur
  1925 | D:3      | Reached XP level 6. HP: 53/61 MP: 5/5
  2013 | D:3      | Found a glowing golden altar of the Shining One.
  2231 | D:4      | Found a transporter.
  2236 | D:4      | Found a transporter.
  2240 | D:4      | Found a shimmering altar of Xom.
  2240 | D:4      | Found a hide-covered altar of Uskayaw.
  2243 | D:4      | Noticed matti1234's ghost (novice FoAM)
  2287 | D:4      | Killed matti1234's ghost
  2287 | D:4      | Reached skill level 6 in Unarmed Combat
  2287 | D:4      | Reached XP level 7. HP: 42/68 MP: 6/6
  2382 | D:4      | Reached skill level 7 in Unarmed Combat
  2620 | D:4      | Noticed Blork the orc
  2627 | D:4      | Killed Blork the orc
  2795 | D:4      | Reached skill level 5 in Dodging
  2795 | D:4      | Reached XP level 8. HP: 51/78 MP: 7/7
  2874 | D:5      | Entered Level 5 of the Dungeon
  3020 | D:5      | Reached skill level 8 in Unarmed Combat
  3487 | D:6      | Reached skill level 9 in Unarmed Combat
  3539 | D:6      | Got a faintly glowing hand axe
  3540 | D:6      | Identified the cursed +3 hand axe of Dadd {chop, Str+6} (You found it on level 6 of the Dungeon)
  3696 | D:6      | Noticed Sigmund
  3710 | D:6      | Killed Sigmund
  3854 | D:6      | Found Temu's Antique Armour Shop.
  3970 | D:7      | Reached XP level 9. HP: 46/84 MP: 8/8
  3984 | D:7      | Reached skill level 10 in Unarmed Combat
  4288 | D:7      | Noticed McKennaii's ghost (novice DEIE)
  4314 | D:7      | Killed McKennaii's ghost
  4314 | D:7      | Reached skill level 11 in Unarmed Combat
  4444 | D:7      | Found Ellaeqyj's Book Boutique.
  4588 | D:7      | Found a stormy altar of Qazlal.
  4634 | D:7      | Found a staircase to the Ecumenical Temple.
  4643 | Temple   | Entered the Ecumenical Temple
  4710 | Temple   | Became a worshipper of the Wu Jian Council
  4710 | Temple   | Reached * piety under Wu Jian
  4710 | Temple   | Reached ** piety under Wu Jian
  4983 | D:8      | Noticed a two-headed ogre
  4990 | D:8      | Killed a two-headed ogre
  4990 | D:8      | Reached XP level 10. HP: 47/94 MP: 9/9
  5140 | D:8      | Reached skill level 12 in Unarmed Combat
  5290 | D:8      | Noticed a two-headed ogre
  5322 | D:8      | Killed a two-headed ogre
  5496 | D:8      | Reached skill level 5 in Fighting
  5509 | D:8      | Found a basalt altar of Yredelemnul.
  5671 | D:8      | Noticed a two-headed ogre
  5703 | D:8      | Killed a two-headed ogre
  5703 | D:8      | Reached skill level 13 in Unarmed Combat
  5989 | D:8      | Gained mutation: Your spells are a little easier to cast, but a little less powerful. [potion of mutation]
  5989 | D:8      | Gained mutation: You have a pair of small antennae on your head. [potion of mutation]
  6217 | D:9      | Noticed a two-headed ogre
  6223 | D:9      | Killed a two-headed ogre
  6223 | D:9      | Reached *** piety under Wu Jian
  6223 | D:9      | Reached XP level 11. HP: 78/102 MP: 10/10
  6278 | D:9      | Found a staircase to the Lair.
  6298 | D:9      | You fall through a shaft for 2 floors!
  6378 | D:11     | Noticed Snorg
  6398 | D:11     | Killed from afar by an orc priest

Skill      XL: |  1  2  3  4  5  6  7  8  9 10 |
---------------+-------------------------------+-----
Dodging        | 3 4 5 6 7 |  7.4
Fighting       | 3 4 5 |  5.2
Unarmed Combat | 4 5 6 7 9 11 13 | 13.7
Stealth        | |  1.0

Action                   |  1- 3 |  4- 6 |  7- 9 | 10-12 || total
-------------------------+-------+-------+-------+-------++-------
Melee: Unarmed           |    55 |   140 |   250 |   161 ||   606
       Punch             |     1 |     1 |    11 |    12 ||    25
Invok: Lunge             |       |       |     3 |    21 ||    24
       Whirlwind         |       |       |     2 |    37 ||    39
       Wall Jump         |       |       |     2 |     9 ||    11
       Serpent's Lash    |       |       |       |     1 ||     1
  Use: Scroll            |     1 |       |    11 |     6 ||    18
       Potion            |       |       |       |     1 ||     1
 Stab: Sleeping          |     1 |     1 |       |     1 ||     3
  Eat: Chunk             |    14 |    11 |    22 |    17 ||    64
Armor: Robe              |    15 |    57 |    68 |    19 ||   159
Dodge: Dodged            |    38 |   118 |   151 |    72 ||   379
